[Event "Early-Titled-Tuesday-Blitz-November-28-2023"]
[Site "Chess.com"]
[Date "2023.11.28"]
[Round "2"]
[White "psychokiller48"]
[Black "zeitnotakrobat"]
[Result "1-0"]
[WhiteElo "2714"]
[BlackElo "2414"]
[TimeControl "180+1"]
[EndTime "8:18:40 PST"]
[Termination "psychokiller48 won on time"]

1. e4 c5 2. Nf3 e6 3. Nc3 Nc6 4.
d4 cxd4 5. Nxd4 Qc7 6. a3 a6 7. Be3 Nf6 8. Be2 Be7 9. O-O O-O 10.
f4 d6 11. Qe1 Bd7 12. Qg3 Nxd4 13. Bxd4 Bc6 14. Kh1 Rfe8 15. Bd3 g6 16. f5 e5 17. Be3 b5 18. Bg5 Qd8 19. Qh4 Nh5 20. f6 Bf8 21. Rae1 Rb8 22. Nd5 Bxd5 23. exd5 a5 24. g3 b4 25. a4 Qd7 26. b3 Qb7 27. Bc4 Rbc8 28. Re4 Rc5 29. g4 Nf4 30. Bxf4 Rxd5 31. Bxd5 Qxd5 32. Qe1 Rc8 33. Rf2 exf4 34. Kg1 f3 35.
Re8 Rxe8 36. Qxe8 Qd1+ 37. Rf1 Qd4+ 38. Kh1 Qd5 39. h3 f2+ 40. Kh2 Qd4 41. Qe2 Qf4+ 42. Kg2 Qxf6 43. Qxf2 Qe6 44. Qf3 Bg7 45. Rf2 Be5 46.
Re2 Kg7 47. Rd2 Qc8 48. Qd5 Qc3 49. Rf2 f6 50. Qf3 Qe1 51. Re2 Qc1 52. Qb7+ Kh6 53.
h4 Qd1 54. Qe4 1-0

[Event "Early-Titled-Tuesday-Blitz-November-28-2023"]
[Site "Chess.com"]
[Date "2023.11.28"]
[Round "2"]
[White "tantaan"]
[Black "Boundless_Strike"]
[Result "1-0"]
[WhiteElo "2358"]
[BlackElo "2673"]
[TimeControl "180+1"]
[EndTime "8:18:40 PST"]
[Termination "tantaan won by checkmate"]

1. d4 e5 2. d5 Bc5 3. e4 f5 4. exf5 Nf6 5. c4 d6 6. Nc3 Bxf5 7. Bg5 O-O 8. Nf3 Qe8 9. Be2 Ng4 10. O-O Qh5 11.
h3 Nxf2 12. Rxf2 Bxf2+ 13. Kxf2 e4 14. Be7 Rf7 15. Ng5 Qh4+ 16. g3 Bxh3+ 17. Nxf7 e3+ 18. Kxe3 Qxe7+ 19. Kd2 Qxf7 20. Qg1 Na6 21. Re1 Re8 22. Bd3 Nc5 23. Rxe8+ Qxe8 24. Bc2 Bg4 25. Qd4 Qh5 26. b4 Qh2+ 27. Kc1 Nd7 28. Qxg4 Qg1+ 29. Kb2 Ne5 30. Qc8+ Kf7 31. Qxc7+ Kg8 32. Qd8+ Kf7 33. Qc7+ Kg8 34. Qc8+ Kf7 35. Qxb7+ Kf6 36. Qc7 Kg5 37. Kb3 g6 38.
Qe7+ Kh6 39. Qf8+ Kg5 40. Qxd6 Qd4 41. Ne4+ Kg4 42. Qe6+ Kf3 43. Ng5+ Kxg3 44. Qh3+ Kf2 45. Qh2+ Ke1 46. Qxe5+ Qxe5 47. Nf3+ Kf2 48. Nxe5 Ke3 49.
d6 g5 50. d7 g4 51. d8=Q g3 52. Qd3+ Kf2 53. Qf3+ Ke1 54. Qxg3+ Kd2 55. Qd3+ Kc1 56. Nf3 a5 57. Qd1# 1-0

[Event "Early-Titled-Tuesday-Blitz-November-28-2023"]
[Site "Chess.com"]
[Date "2023.11.28"]
[Round "2"]
[White "MaxLeto"]
[Black "Rakhmanov_Aleksandr"]
[Result "0-1"]
[WhiteElo "2551"]
[BlackElo "2853"]
[TimeControl "180+1"]
[EndTime "8:18:43 PST"]
[Termination "Rakhmanov_Aleksandr won by resignation"]

1. g4 d5 2. Bg2 c6 3. h3 e5 4. d4 exd4 5. Qxd4 Qf6 6. Nf3 Qxd4 7. Nxd4 Bc5 8. Nb3 Bb6 9. Nc3 Ne7 10. Bf4 h5 11.
gxh5 Rxh5 12. e3 Ng6 13. Bg3 Nh4 14. Bf1 Nf3+ 15. Ke2 Ng5 16. Bg2 Bf5 17. h4 Ne6 18. e4 dxe4 19. Nxe4 Bxe4 20. Bxe4 Nd7 21. a4 a5 22. Bf3 Rh6 23. Rad1 O-O-O 24. Rd2 Re8 25. Kf1 f5 26. Bd6 Nd4 27. Nxd4 Rxd6 28. Nb3 Rh6 29. Kg2 Reh8 30. h5 Ne5 31. Be2 g6 32. Rd6 Bc7 33. Rf6 gxh5 34. Rxh6 Rxh6 35. Rxh5 Rxh5 36. Bxh5 Nc4 37.
Nd4 Nxb2 38. Nxf5 Nxa4 39. Ne3 Nc3 40. Nc4 b5 41. Nd2 a4 42. Bf7 Bf4 43. Nf3 c5 44. Kf1 a3 45. Ne1 c4 46. Nd3 cxd3 47. cxd3 a2 48. Bxa2 Nxa2 49. Ke1 Be5 50. Kd1 Bd4 51.
Kc2 Nb4+ 52. Kb3 Nc6 53. f3 Kd7 54. f4 Ke6 55. Kc2 Kf5 56. Kb3 Kxf4 0-1

[Event "Early-Titled-Tuesday-Blitz-November-28-2023"]
[Site "Chess.com"]
[Date "2023.11.28"]
[Round "2"]
[White "GiorgianBarbosa"]
[Black "Der_Balak_3Halak"]
[Result "1-0"]
[WhiteElo "2518"]
[BlackElo "2303"]
[TimeControl "180+1"]
[EndTime "8:18:43 PST"]
[Termination "GiorgianBarbosa won by checkmate"]

1. d4 Nf6 2. c4 c6 3. Nc3 d5 4. cxd5 cxd5 5. Bf4 e6 6. e3 Bd6 7. Bd3 Bxf4 8. exf4 Nc6 9. Nf3 O-O 10. Qd2 Bd7 11.
Bc2 Na5 12. Bb3 Qb6 13. O-O Nxb3 14. axb3 Qxb3 15. Ra3 Qb6 16. Ne5 Rfc8 17. h4 a6 18. Re1 Be8 19. Re3 Qd6 20. Rg3 b5 21. f5 exf5 22.
Qh6 Qf8 23. Qxf6 b4 24. Ra1 bxc3 25. bxc3 Kh8 26. Qxf5 f6 27. Nf3 Bf7 28. h5 Rxc3 29.
h6 Bg6 30. hxg7+ Qxg7 31. Qf4 Rac8 32. Nh4 Rxg3 33. Qxg3 Be4 34. Qf4 Qg5 35. Qh2 Rc6 36. Rf1 Kg7 37. f3 Bd3 38. Re1 Rc1 39. Rxc1 Qxc1+ 40. Kf2 Qd2+ 41. Kg3 Qg5+ 42. Kf2 f5 43. Qc7+ Kh6 44. Qd6+ Kh5 45. g3 Qd2+ 46. Kg1 Qe1+ 47. Kg2 Bf1+ 48. Kg1 Bh3+ 49. Kh2 Qf1 50. Qf4 Bg2 51.
g4+ fxg4 52. Qxg4+ Kh6 53. Nf5# 1-0

[Event "Early-Titled-Tuesday-Blitz-November-28-2023"]
[Site "Chess.com"]
[Date "2023.11.28"]
[Round "2"]
[White "Korchmar_Vasiliy"]
[Black "angryspacevoid"]
[Result "1-0"]
[WhiteElo "2732"]
[BlackElo "2468"]
[TimeControl "180+1"]
[EndTime "8:18:44 PST"]
[Termination "Korchmar_Vasiliy won by checkmate"]

1. e4 e6 2. d4 d5 3. e5 c5 4.
c3 Nc6 5. Nf3 Bd7 6. Be2 Nge7 7.
Na3 a6 8. O-O cxd4 9. cxd4 Nf5 10. Nc2 h5 11. Bd3 g6 12. Rb1 Rc8 13. b4 Na7 14. Bxf5 gxf5 15. Bg5 Qb6 16. Qd2 Nb5 17. Rb3 Na7 18. Rc1 Bb5 19. Ne3 Rxc1+ 20. Qxc1 Nc6 21. a3 Be7 22. Bxe7 Nxe7 23. Rc3 Nc6 24. Qc2 Rg8 25. a4 Nxb4 26. Qb2 Bc6 27. Rc5 a5 28. h4 Qa6 29. Ng5 Nd3 30. Qc2 Nb4 31. Qc3 Qb6 32.
g3 Ke7 33. Ng2 Ra8 34. Nf4 Na2 35. Qc2 Nb4 36. Qd2 Bxa4 37. Nxh5 Nc6 38. Nh7 f4 39.
Qxf4 Qb1+ 40. Kh2 Qxh7 41. Qg5+ Kf8 42. Nf6 Qg6 43. Qf4 Bc2 44. h5 Qf5 45. Qe3 Be4 46. Rc3 a4 47. Ra3 Bb1 48. f3 Qc2+ 49. Kh3 Qb2 50. g4 Qc2 51. Rc3 Qd1 52. Qh6+ Ke7 53.
Qg5 Qh1+ 54. Kg3 Qe1+ 55. Kh3 Kd8 56. Nxd5+ Kc8 57. Qg8+ Kd7 58. Qxf7+ Kc8 59. Qc7# 1-0

[Event "Early-Titled-Tuesday-Blitz-November-28-2023"]
[Site "Chess.com"]
[Date "2023.11.28"]
[Round "2"]
[White "SlavenPastar"]
[Black "GHANDEEVAM2003"]
[Result "0-1"]
[WhiteElo "2650"]
[BlackElo "3139"]
[TimeControl "180+1"]
[EndTime "8:18:45 PST"]
[Termination "GHANDEEVAM2003 won by checkmate"]

1. Nf3 g6 2. g3 Bg7 3. d4 c5 4. c3 b6 5. Bg2 Bb7 6. O-O Nf6 7. Re1 O-O 8. Qc2 d5 9. Ne5 Nc6 10. Nxc6 Bxc6 11. Nd2 Rc8 12. Nf3 Ne4 13. a4 cxd4 14. cxd4 Qd6 15. Qb3 Qf6 16. Bf4 g5 17. Be5 Qf5 18.
Bxg7 Kxg7 19. Qe3 a5 20. b3 f6 21. Nd2 Nxd2 22. Qxd2 Bb7 23. Rac1 Qd7 24. e3 Qd6 25.
Bh3 e6 26. Bf1 Qa3 27. Rxc8 Rxc8 28. Qd3 Qb4 29. Rb1 Rc3 30. Qb5 Qxb5 31. Bxb5 e5 32.
Kf1 Bc8 33. Rb2 Rc1+ 34. Ke2 Bg4+ 35. Kd2 Rd1+ 36. Kc3 Rc1+ 37. Rc2 Rh1 38. h4 gxh4 39. gxh4 Rxh4 40. Bc6 Bf3 41. b4 exd4+ 42. exd4 axb4+ 43. Kxb4 Rxd4+ 44. Kb5 h5 45. Kxb6 h4 46. Rc3 Rb4+ 47. Kc5 Rf4 48. a5 h3 49. a6 h2 50. a7 h1=Q 51.
a8=Q Qe1 52. Qa5 Rc4+ 53. Kd6 Qe5+ 54. Kd7 Qxc3 55. Qd8 Bg4+ 56. Kd6 Qe5# 0-1

[Event "Early-Titled-Tuesday-Blitz-November-28-2023"]
[Site "Chess.com"]
[Date "2023.11.28"]
[Round "2"]
[White "Mistango"]
[Black "Akylbek2021"]
[Result "0-1"]
[WhiteElo "2467"]
[BlackElo "2224"]
[TimeControl "180+1"]
[EndTime "8:18:46 PST"]
[Termination "Akylbek2021 won by resignation"]

1. e4 e6 2. d4 d5 3. Nc3 Bb4 4. Qd3 c5 5. exd5 Bxc3+ 6. bxc3 Qxd5 7. Nf3 Nc6 8. Be2 Nf6 9. O-O O-O 10. c4 Qd8 11. c3 b6 12. Bg5 h6 13. Bh4 Ba6 14. Rad1 Na5 15. Ne5 g5 16. Bg3 Nd7 17. dxc5 Nxe5 18. Bxe5 Qxd3 19. Bxd3 bxc5 20. Bd6 Rfd8 21.
Bxc5 Bxc4 22. Bxc4 Nxc4 23. f4 g4 24. Kf2 a6 25. Kg3 f5 26. Rfe1 Kf7 27. Rb1 Rab8 28. Red1 Rxb1 29. Rxb1 Rd3+ 30. Kh4 Rxc3 31. Kh5 Na5 32. Bb4 Rc2 33. Bxa5 Rxg2 34. Rb7+ Ke8 35. Kxh6 Rxh2+ 36. Kg6 Rxa2 37. Bb6 g3 38. Kf6 g2 39. Re7+ Kf8 40. Rg7 a5 41. Bc5+ Ke8 42. Rxg2 Rxg2 43. Kxe6 Re2+ 44. Kxf5 a4 45. Kg6 Rg2+ 46. Kf6 Ra2 47.
f5 a3 48. Kg7 Rg2+ 49. Kf6 a2 50. Bd4 Rd2 51. Bc3 Rd1 52. Ke6 a1=Q 53. Bxa1 Rxa1 54. f6 Re1+ 55. Kf5 Kf7 0-1

[Event "Early-Titled-Tuesday-Blitz-November-28-2023"]
[Site "Chess.com"]
[Date "2023.11.28"]
[Round "2"]
[White "VladimirBugayev"]
[Black "Ginzburg_Yakov"]
[Result "1/2-1/2"]
[WhiteElo "2331"]
[BlackElo "2595"]
[TimeControl "180+1"]
[EndTime "8:18:48 PST"]
[Termination "Game drawn - insufficient material"]

1. e4 c5 2. Nc3 e6 3. f4 d5 4. Nf3 Nc6 5. Bb5 d4 6. Nb1 Bd7 7. d3 a6 8. Bxc6 Bxc6 9. b3 g6 10. Ne5 Qc7 11. O-O Bg7 12. Nxc6 Qxc6 13. a4 Ne7 14. a5 O-O 15. Na3 f5 16. e5 Nd5 17.
Nc4 Rad8 18. Bd2 Kh8 19. Qf3 Qc7 20. Rab1 Rf7 21. b4 cxb4 22. Bxb4 Bf8 23. Bd6 Bxd6 24.
exd6 Rxd6 25. Nxd6 Qxd6 26. Rfe1 Ne3 27. Rxe3 dxe3 28. Qxe3 Rc7 29. Rb6 Rc6 30. Rxb7 Rxc2 31. h3 Qd5 32. Qe5+ Qxe5 33. fxe5 Rc5 34. d4 Rxa5 35. Rb6 Rd5 36. Rxa6 Rxd4 37. Rxe6 Kg8 38. Re7 Re4 39. Kf2 h5 40. Kf3 Kf8 41. Re6 Kf7 42.
Rf6+ Kg7 43. Re6 Kf7 44. Rf6+ Kg7 45. Re6 g5 46. Re7+ Kg6 47. Re6+ Kg7 48. Re7+ Kf8 49. Rh7 g4+ 50. Kf2 Rxe5 51. Rxh5 gxh3 52. Rxh3 Kg7 53. Re3 Kf6 54. Rb3 Kg5 55. Rg3+ Kf4 56. Rf3+ Kg4 57. Rg3+ Kf4 58. Rf3+ Ke4 59. Re3+ Kd5 60. Rxe5+ Kxe5 61. Ke3 f4+ 62. Kf3 Kf5 63. g3 fxg3 64. Kxg3 1/2-1/2

[Event "Early-Titled-Tuesday-Blitz-November-28-2023"]
[Site "Chess.com"]
[Date "2023.11.28"]
[Round "2"]
[White "ThePeacefulPanda"]
[Black "K_A_S_T_O_R"]
[Result "0-1"]
[WhiteElo "2551"]
[BlackElo "2851"]
[TimeControl "180+1"]
[EndTime "8:18:49 PST"]
[Termination "K_A_S_T_O_R won by resignation"]

1. Nf3 c5 2. e4 d6 3. Nc3 a6 4. g3 Nc6 5. Bg2 e6 6. O-O Nf6 7. d4 cxd4 8. Nxd4 Bd7 9. Re1 Be7 10.
Nxc6 Bxc6 11. e5 dxe5 12. Bxc6+ bxc6 13. Qxd8+ Rxd8 14. Rxe5 Nd5 15. Nxd5 cxd5 16. Re3 Rc8 17. c3 Kd7 18. Rd3 Rc6 19. Be3 Rb8 20. b3 Ke8 21.
Bd4 g6 22. Re1 Rbc8 23. Kf1 f6 24. f4 Kf7 25. Rde3 h6 26. Ke2 g5 27. Kd2 Bd8 28.
Rf3 g4 29. Rfe3 Bb6 30. Bxb6 Rxb6 31. Rh1 h5 32. h3 gxh3 33. Rxh3 Kg6 34. Rd3 Rd8 35.
Rh4 e5 36. fxe5 fxe5 37. g4 hxg4 38. Rxg4+ Kf5 39. Rdg3 Rf6 40. Rg5+ Ke6 41. Rg6 Rf8 42. Rxf6+ Rxf6 43. a4 Kd6 44. b4 a5 45. bxa5 Kc5 46. Rg5 e4 47. Rg8 Ra6 48. Rc8+ Kd6 49. Ke3 Rxa5 50.
Rd8+ Kc7 51. Re8 Rxa4 52. Re6 Rc4 53. Kd2 Kd7 54. Rh6 Rc6 55. Rh5 Kd6 56. Rh6+ Kc5 57.
Rh1 Rg6 58. Rh8 Rg2+ 59. Ke3 Rg3+ 60. Kd2 Rg6 61. Rc8+ Rc6 62. Rg8 Kc4 63. Ra8 Rb6 64. Rc8+ Kb3 65. Ke3 Rb5 66. Kd4 Ra5 67. Rd8 Kc2 68.
c4 dxc4 69. Re8 c3 70. Rc8 Ra4+ 71. Ke3 Kb2 0-1

[Event "Early-Titled-Tuesday-Blitz-November-28-2023"]
[Site "Chess.com"]
[Date "2023.11.28"]
[Round "2"]
[White "Karina_Ivanova"]
[Black "Burovic00"]
[Result "0-1"]
[WhiteElo "2247"]
[BlackElo "2572"]
[TimeControl "180+1"]
[EndTime "8:18:49 PST"]
[Termination "Burovic00 won by checkmate"]

1. d4 g6 2. Nf3 d6 3. g3 Bg7 4. Bg2 Nd7 5. c4 e5 6. Nc3 Nh6 7. O-O O-O 8. e4 c6 9. Be3 Ng4 10. Bc1 f5 11. h3 Nh6 12. Bg5 Qe8 13. dxe5 dxe5 14. exf5 gxf5 15. Re1 e4 16. Nd4 Ne5 17. b3 Nd3 18. Bxh6 Bxh6 19. Re2 Bg7 20. Nxe4 Bxd4 21. Qxd3 Bxa1 22. Nf6+ Bxf6 23. Rxe8 Rxe8 24. Qd6 Be6 25. g4 Rad8 26. Qc7 Rd1+ 27. Kh2 Rd7 28. Qf4 Rg7 29. gxf5 Bd5 30. Bxd5+ cxd5 31. Qd2 dxc4 32. bxc4 Be5+ 33. Kh1 Kh8 34. f4 Bf6 35. Qd6 Rf7 36. Kg2 Ref8 37. c5 Bg7 38. c6 Rf6 39. Qc5 bxc6 40. Qxa7 Rxf5 41. Qc7 c5 42. a4 Rxf4 43. Qxc5 Rxa4 44. Qe7 Raf4 45. Qd6 Rf2+ 46. Kg3 R2f3+ 47. Kg2 R3f6 48. Qd5 Rg6+ 49. Kh2 Bf6 50. Kh1 Rfg8 51. Qe4 Rg1+ 52. Kh2 Bc3 53. Qd5 Re1 54. h4 Be5+ 55. Kh3 Re3+ 56. Qf3 Rxf3# 0-1

[Event "Early-Titled-Tuesday-Blitz-November-28-2023"]
[Site "Chess.com"]
[Date "2023.11.28"]
[Round "2"]
[White "GP9isback23"]
[Black "Rsnr"]
[Result "1-0"]
[WhiteElo "2617"]
[BlackElo "2927"]
[TimeControl "180+1"]
[EndTime "8:18:50 PST"]
[Termination "GP9isback23 won by resignation"]

1. d4 d5 2. e3 Nf6 3. Nf3 c5 4. Be2 g6 5. O-O Bg7 6. c3 O-O 7. b3 Nc6 8. Ba3 cxd4 9. cxd4 Ne4 10. Bb2 Bf5 11. Nc3 Nxc3 12. Bxc3 Rc8 13. Rc1 Qb6 14. Qd2 Rfd8 15. b4 a6 16. a4 Ra8 17. Ra1 Rdc8 18. Rfc1 h6 19. h3 g5 20. b5 axb5 21. axb5 Nd8 22.
Bb4 Rxa1 23. Rxa1 Rc2 24. Qd1 Qc7 25. Bd2 Qd7 26. Rc1 Rxc1 27. Qxc1 Ne6 28. Ba5 f6 29. Nd2 Nf8 30. Nb3 Qd6 31. Qc5 Qxc5 32. Nxc5 Bc8 33.
Bd8 Kf7 34. Bh5+ Ng6 35. Bxg6+ Kxg6 36. Bxe7 Kf7 37. Bd8 f5 38. Kf1 Bf8 39. Nd3 Bd7 40. Ne5+ Ke6 41. Nxd7 Kxd7 42. Ba5 Ke6 43. Ke2 h5 44. f3 g4 45. hxg4 hxg4 46. Kd3 gxf3 47. gxf3 Bh6 48. e4 fxe4+ 49. fxe4 Bf4 50. Bb4 Bg5 51.
Bc5 Bf4 52. e5 Bg5 53. Ke2 Kf5 54. Kf3 Bd8 55. Ke3 Bg5+ 56. Kd3 Bd8 57. Ba7 Ke6 58. Ke3 Kf5 59. Kf3 Be7 60. Bb6 Bg5 61. Ke2 Be7 62. Kd3 Ke6 63. Kc3 Kf5 64. Kb3 Ke4 65. Ka4 Kf5 66. Ka5 Ke6 67. Ba7 Bd8+ 68. Bb6 Be7 69.
Bc7 Kd7 70. Kb6 Kc8 71. Bd6 Bg5 72. Kc5 Be3 73. Kxd5 Bf2 74. Ke4 Kd7 75. d5 Bg3 76. Bb4 Bh4 77. e6+ Kc7 78. d6+ Kc8 79. Kd5 1-0

[Event "Early-Titled-Tuesday-Blitz-November-28-2023"]
[Site "Chess.com"]
[Date "2023.11.28"]
[Round "2"]
[White "BardArtem"]
[Black "brm72"]
[Result "1-0"]
[WhiteElo "2772"]
[BlackElo "2527"]
[TimeControl "180+1"]
[EndTime "8:18:54 PST"]
[Termination "BardArtem won by checkmate"]

1. e4 c5 2. c3 d5 3. exd5 Qxd5 4. Nf3 Nf6 5. Na3 Nc6 6. Bc4 Qd8 7. d4 e6 8. O-O cxd4 9. Nb5 a6 10. Nbxd4 Nxd4 11. Nxd4 Be7 12. a4 O-O 13. Re1 Qc7 14. Be2 b6 15. Bf3 Bb7 16. Bf4 Qxf4 17. Bxb7 Ra7 18. Bf3 Bc5 19. Nb3 Bxf2+ 20. Kxf2 Ng4+ 21. Kf1 Ne3+ 22. Rxe3 Qxe3 23. Qd4 Qh6 24. Kg1 Re7 25. Rd1 e5 26. Qd2 Qh4 27. a5 e4 28. Be2 e3 29. Qd3 bxa5 30. Nd4 Rd8 31. Rf1 g6 32. Qxa6 Qe4 33. Qxa5 Rd5 34. Qa8+ Re8 35. Bf3 Rxa8 36. Bxe4 Rxd4 37. cxd4 Ra4 38. Re1 Rxd4 39. Rxe3 Rb4 40. b3 f5 41. Bd5+ Kg7 42. Bc4 Kf6 43. h4 f4 44.
Re6+ Kf5 45. Re7 h5 46. Kf2 Rb6 47. Kf3 Rd6 48. Rf7+ Ke5 49. Rxf4 Rd1 50. Re4+ Kf5 51. Re2 Rh1 52. Kg3 Rc1 53. Bd3+ Kf6 54. Rf2+ Kg7 55. Rf3 Kh6 56. b4 Kg7 57. b5 Rc3 58. Be4 Rc5 59. Bc6 Rxb5 60. Bxb5 g5 61. hxg5 Kg6 62. Kh4 Kg7 63. Kxh5 Kh7 64. Rf7+ Kg8 65. Kg6 Kh8 66. Rf8# 1-0

[Event "Early-Titled-Tuesday-Blitz-November-28-2023"]
[Site "Chess.com"]
[Date "2023.11.28"]
[Round "2"]
[White "Olya_Oblachko"]
[Black "BabyAnton"]
[Result "0-1"]
[WhiteElo "2330"]
[BlackElo "2557"]
[TimeControl "180+1"]
[EndTime "8:18:55 PST"]
[Termination "BabyAnton won on time"]

1. d4 Nf6 2. c4 g6 3. Nc3 Bg7 4. Nf3 d6 5. Bg5 O-O 6. e3 Nbd7 7. Be2 c6 8. O-O h6 9. Bh4 g5 10. Bg3 Nh5 11. Nd2 Nxg3 12. hxg3 f5 13. Qc2 Nf6 14.
Bd3 Ng4 15. Nf3 Qe8 16. Nh2 Nxh2 17. Kxh2 e5 18. dxe5 dxe5 19. Rad1 Be6 20. Be2 Qf7 21. b3 h5 22. Rd6 Rfd8 23. Rfd1 Rxd6 24. Rxd6 Bf8 25.
Rd2 h4 26. gxh4 gxh4 27. Bd3 e4 28. Bf1 Bg7 29. Ne2 Be5+ 30. Nf4 Qg7 31. Qd1 Qg5 32. Kh1 Bxf4 33. exf4 Qxf4 34. Rd8+ Rxd8 35. Qxd8+ Kf7 36. Be2 Qc1+ 37. Kh2 Qf4+ 38. Kh1 Kg7 39. Bh5 Kh6 40. Qh8+ Kg5 41. Be8 Qxf2 42. Qh5+ Kf4 43. Qh6+ Ke5 44. Qg7+ Kd6 45. Qf8+ Ke5 46. Qg7+ Kd6 47. Qf8+ Kc7 48. Qe7+ Kb6 49. Qxe6 e3 50. c5+ Kxc5 51. Qc4+ Kd6 52.
Bh5 Qe1+ 53. Kh2 Qg3+ 54. Kh1 Qe5 55. Bf3 h3 56. Qd3+ Ke7 57. gxh3 Qf4 58. Qe2 Kf6 59. Qg2 Qe5 60. Be2 Qa1+ 61. Kh2 Qxa2 62. Qf3 Qxb3 63. Qh5 Qf7 64. Qf3 Qe6 65. Qh5 Qe5+ 66.
Kg2 Qe4+ 67. Kh2 Qf4+ 68. Kh1 Ke6 69. Qh8 Qe5 70. Qg8+ Kd6 71. Qd8+ Kc5 72. Qd3 Qd5+ 0-1

[Event "Early-Titled-Tuesday-Blitz-November-28-2023"]
[Site "Chess.com"]
[Date "2023.11.28"]
[Round "2"]
[White "Mihajlovskij"]
[Black "Savagelittlemole"]
[Result "1-0"]
[WhiteElo "2247"]
[BlackElo "2481"]
[TimeControl "180+1"]
[EndTime "8:18:55 PST"]
[Termination "Mihajlovskij won on time"]

1. e4 c6 2. d4 d5 3. e5 g6 4. Nc3 Bg7 5. f4 h5 6. Nf3 Bg4 7. h3 Bxf3 8. Qxf3 e6 9. Rg1 h4 10. Be3 Nh6 11. O-O-O Nd7 12. Bf2 Nf5 13. Bd3 Rc8 14.
Bxf5 gxf5 15. g4 hxg3 16. Qxg3 Bh6 17. Kb1 a6 18. Ne2 c5 19. c3 c4 20. Rg2 b5 21.
Rdg1 Nf8 22. h4 Qe7 23. h5 b4 24. Qf3 Rb8 25. Be1 a5 26. Ng3 Qb7 27. Ne2 Kd7 28.
Nc1 Kc7 29. Rg8 Rxg8 30. Rxg8 Nd7 31. Rg2 Qa8 32. cxb4 axb4 33. b3 c3 34. Qd3 Qc6 35.
Rc2 Bxf4 36. Bxc3 Kd8 37. Bd2 Qb6 38. Bxf4 Ke7 39. Bg5+ f6 40. exf6+ Nxf6 41. Re2 Rf8 42. Qe3 Kd7 43. Nd3 Ne4 44. Nc5+ Kc7 45. Nxe4 fxe4 46. Bf4+ Kb7 47. Be5 Qc6 48. Rc2 Qb5 49.
Rc1 Rf3 50. Qd2 Rc3 51. Rxc3 bxc3 52. Qxc3 Qf1+ 53. Qc1 Qd3+ 54. Kb2 Qe2+ 55. Qc2 Qxh5 56. Qd2 Qf3 57. Bf4 Qh1 58. a4 Qf1 59. a5 Qb5 60.
Ka3 Ka6 61. Bc7 Qf1 62. Qc3 1-0

[Event "Early-Titled-Tuesday-Blitz-November-28-2023"]
[Site "Chess.com"]
[Date "2023.11.28"]
[Round "2"]
[White "M1711"]
[Black "Sychev_on_YouTube"]
[Result "0-1"]
[WhiteElo "2599"]
[BlackElo "2921"]
[TimeControl "180+1"]
[EndTime "8:18:56 PST"]
[Termination "Sychev_on_YouTube won by resignation"]

1. d4 Nf6 2. Bg5 c5 3. d5 Ne4 4.
Bf4 Qb6 5. Nd2 Qxb2 6. Nxe4 Qb4+ 7. c3 Qxe4 8. e3 g5 9. Bg3 Bg7 10. Rc1 Qg6 11. Bd3 Qf6 12. h4 g4 13. Qxg4 Na6 14.
Nf3 d6 15. Qa4+ Bd7 16. Qc2 Nc7 17. e4 O-O 18. e5 Qh6 19. Ng5 Bxe5 20. Bxh7+ Kg7 21.
Bxe5+ dxe5 22. Bf5 Rad8 23. Rh3 Bxf5 24. Qxf5 f6 25.
Rg3 Kh8 26. Qc2 fxg5 27. hxg5 Qh1+ 28. Ke2 Qh5+ 29. f3 Kg7 30. Qe4 Rxd5 31. c4 Rd6 32. Qxe5+ Kg8 33. Kf2 Qg6 34. Rh3 Qg7 35. Qe4 Ne6 36.
Kg1 Nxg5 37. Qg4 Nxh3+ 38. Qxh3 Rh6 39. Qd7 Rg6 40. Qd2 Qd4+ 41. Qxd4 cxd4 42. Rb1 Rxf3 43. Rxb7 d3 44. Rxa7 d2 45. Rd7 Rc3 46. Rxd2 Rxc4 47.
Kf2 Kf7 48. Rd3 Rf6+ 49. Kg1 Rc2 50. g3 Rxa2 51. Re3 Ra5 52. Re4 Raf5 53. Kg2 Re6 54.
Rb4 Re2+ 55. Kg1 Rg5 56. Kf1 Ree5 57. g4 Rb5 58. Rf4+ Kg7 59. Re4 e5 60. Kf2 Rd5 61. Kg3 Rd4 62. Re1 Rdxg4+ 63. Kf3 Rf4+ 64. Ke3 Rg3+ 65. Kd2 Kf6 66. Rb1 Rf2+ 67. Ke1 Rg1+ 0-1

[Event "Early-Titled-Tuesday-Blitz-November-28-2023"]
[Site "Chess.com"]
[Date "2023.11.28"]
[Round "2"]
[White "ChessWarrior3"]
[Black "olksuna"]
[Result "0-1"]
[WhiteElo "2433"]
[BlackElo "2754"]
[TimeControl "180+1"]
[EndTime "8:18:57 PST"]
[Termination "olksuna won by resignation"]

1. e4 e5 2. f4 exf4 3. Nf3 Nf6 4. e5 Nh5 5. d4 d6 6. Bc4 Be7 7. O-O O-O 8. Nc3 Nc6 9. d5 Nb4 10. a3 Na6 11. b4 Bg4 12. Bb2 dxe5 13. Ne4 Bd6 14. Nf2 f5 15. Nxg4 fxg4 16. Nxe5 f3 17. gxf3 g3 18. hxg3 Qg5 19. Ng4 Nxg3 20. Rf2 h5 21.
Bc1 Bf4 22. d6+ Kh8 23. Rh2 cxd6 24. Rh3 Rac8 25. Bxa6 bxa6 26. Rxg3 Bxc1 27. Rxc1 hxg4 28. Rxg4 Qe3+ 29. Kg2 Rf6 30. Rh4+ Rh6 31. Rxh6+ gxh6 32. c3 Rg8+ 33. Kh1 Rg3 34. Qd4+ Qxd4 35. cxd4 Rxf3 36. Rc6 Rxa3 37. Rxd6 Kg7 38. Rd7+ Kf6 39. Rxa7 Ra4 40.
Rb7 Ke6 41. Rb6+ Kd5 42. Rxh6 Kxd4 43. Rh4+ Kc3 44. Kg1 Rxb4 45. Rh5 Rb5 46. Rh8 a5 47. Kf2 Re5 48. Ra8 Kb3 49. Rb8+ Ka3 50. Kf3 a4 51.
Kf4 Re7 52. Kf3 Ka2 53. Kf2 a3 54. Kf1 Ka1 55. Kf2 a2 56. Kf1 Re6 57. Kf2 Re5 58.
Kf1 Rh5 59. Ke2 Rh1 60. Kd2 Rb1 61. Rc8 Kb2 62. Rb8+ Ka3 63. Ra8+ Kb3 64. Rb8+ Kc4 65. Rc8+ Kd5 66. Rd8+ Ke6 67. Re8+ Kd7 68. Ra8 a1=Q 69. Rxa1 Rxa1 0-1

[Event "Early-Titled-Tuesday-Blitz-November-28-2023"]
[Site "Chess.com"]
[Date "2023.11.28"]
[Round "2"]
[White "DawidCzerw"]
[Black "vasblesk"]
[Result "0-1"]
[WhiteElo "2537"]
[BlackElo "2794"]
[TimeControl "180+1"]
[EndTime "8:18:58 PST"]
[Termination "vasblesk won by resignation"]

1. d4 d5 2. c4 c6 3. cxd5 cxd5 4. Bg5 Nc6 5. Nc3 f6 6. Bh4 e5 7. e3 exd4 8. exd4 Bb4 9. Bd3 Nge7 10. Qh5+ g6 11. Qh6 Kf7 12. Nf3 Bf5 13. Qd2 Bxd3 14.
Qxd3 Nf5 15. O-O Nxh4 16. Nxh4 Qd7 17. Nf3 Rhe8 18. Rfe1 Bxc3 19. Qxc3 Rxe1+ 20. Rxe1 Re8 21. Rxe8 Qxe8 22. Qb3 Qd7 23. h3 Nd8 24. Qc3 Ne6 25. b3 Qc6 26. Qxc6 bxc6 27. g3 Ke7 28. Kf1 Kd6 29.
Ke2 a5 30. Kd3 Kc7 31. Ng1 Kb6 32. Ne2 c5 33. a3 Kc6 34. Kc3 Kd6 35. h4 g5 36. f3 gxh4 37. gxh4 Kc6 38. dxc5 Kxc5 39. b4+ axb4+ 40. axb4+ Kd6 41. Kd3 Ke5 42. Ke3 d4+ 43.
Kd3 Kd5 44. b5 Nc5+ 45. Kd2 Na4 46. Kd3 Nc5+ 47. Kd2 Na4 48. Kd3 Nb2+ 49. Kd2 Nc4+ 50. Ke1 Ne5 51. f4 Nd3+ 52. Kd2 Nc5 53. b6 Ne4+ 54. Kd3 Nc5+ 55. Kd2 Kc4 56. f5 Ne4+ 57. Kd1 Nd6 58. Kd2 Kc5 59. Kd3 Kxb6 60. Kd2 Kc5 61. Kd3 Nxf5 62. Nf4 Nxh4 63. Ne6+ Kd5 64. Nxd4 Ng6 65.
Nf3 Ne5+ 66. Ke3 Nxf3 67. Kxf3 Ke5 68. Kg4 f5+ 69. Kg5 f4 0-1

[Event "Early-Titled-Tuesday-Blitz-November-28-2023"]
[Site "Chess.com"]
[Date "2023.11.28"]
[Round "2"]
[White "Niilo1"]
[Black "HajiyevKanan"]
[Result "1-0"]
[WhiteElo "2291"]
[BlackElo "2490"]
[TimeControl "180+1"]
[EndTime "8:18:58 PST"]
[Termination "Niilo1 won by resignation"]

1. e4 c6 2. d4 d5 3. Nc3 a6 4. Nf3 Bg4 5. h3 Bh5 6. g4 Bg6 7. Bd3 e6 8. Bf4 Bb4 9. Qe2 Nf6 10. Bg5 dxe4 11. Bxf6 exd3 12. Bxd8 dxe2 13. Bc7 Bxc2 14.
Kxe2 Nd7 15. Rac1 Bg6 16. a3 Be7 17. Na4 Rc8 18. Bg3 h5 19. Rhd1 O-O 20. Ne5 Nxe5 21. Bxe5 Rcd8 22. Nc5 Bxc5 23. dxc5 Rd5 24. Bd6 Re8 25.
Rc3 f6 26. Rb3 b5 27. cxb6 Bc2 28. Rxd5 exd5+ 29. Re3 Be4 30. b7 d4 31. Rg3 h4 32.
Rg1 c5 33. b8=Q Rxb8 34. Bxb8 c4 35. Rc1 Bd5 36. Ba7 d3+ 37. Ke3 Kf7 38. b3 cxb3 39. Kxd3 a5 40. a4 g6 41. Bb6 f5 42. Bxa5 b2 43.
Rc7+ Ke6 44. Kc2 fxg4 45. hxg4 h3 46. Rh7 Bg2 47. Kxb2 Ke5 48. Bc7+ Ke4 49. a5 Kf3 50. Bg3 Kxg4 51. a6 g5 52. a7 Ba8 53. Rh8 Bg2 54.
a8=Q Bxa8 55. Rxa8 Kf3 56. Rh8 Kg2 57. Kc3 g4 58.
Kd4 h2 59. Rxh2+ Kg1 60. Ke5 Kf1 61. Kf4 Ke2 62. Kxg4 Kd3 63. f4 Ke4 64. f5 Kd5 65. Kg5 1-0